 Dungeon Crawl Stone Soup version 0.28.0-53-g5a82cb258f (webtiles) character file.

Game seed: 14528884263919693470

406832 Placeboclown the Spry (level 23, -1/294 HPs)
             Began as a Merfolk Ice Elementalist on Aug 9, 2022.
             Was a High Priest of Ashenzari.
             Constricted to death by a tentacled monstrosity (9 damage)
             ... on level 5 of the Vaults on Aug 11, 2022.
             The game lasted 05:22:56 (76280 turns).

Placeboclown the Spry (Merfolk Ice Elementalist)   Turns: 76280, Time: 05:22:57

Health: -1/294     AC: 34    Str: 18    XL:     23   Next: 42%
Magic:  3/44       EV: 28    Int: 29    God:    Ashenzari [*****.]
Gold:   2854       SH:  0    Dex: 24    Spells: 21/56 levels left

rFire   + + +      SeeInvis +   G - +7 spear of Ashenzari's Cynicism {venom, Will+ Int+2 Dex+2 Stlth-, Fort, Cun} (curse)
rCold   . . .      Faith    .   (no shield)
rNeg    . . .      Spirit   .   R - +0 swamp dragon scales "Eternal Ethics" {rPois, Alch, Comp} (curse)
rPois   +          Reflect  .   K - +2 helmet of the Restrained Sun {Cun, Bglg} (curse)
rElec   +          Harm     .   m - +2 cloak
rCorr   .          Rampage  .   s - +2 pair of gloves of the Unveiling Secrets {Dex+3, Self, Bglg} (curse)
Will    +++..      Clarity  +   v - +1 pair of boots "Share My Irritation" {Self, Bglg} (curse)
Stlth   ..........              A - amulet of Ashenzari's Suspicion {Acrobat, Range, Fort} (curse)
HPRegen 1.39/turn               d - ring "Shattered Scepticism" {Will+ Int+6, Comp, Fort} (curse)
MPRegen 0.29/turn               h - ring of the Fated Dismay {rElec rF+++ Will- Str+6 Int+4, Elem, Alch} (curse)

@: berserking, ice-armoured, constricted, studying Staves, very quick
A: (nimble swimmer 2), mertail, strong-willed 1, regeneration 1, screaming 1,
wild magic 1
}: 2/15 runes: serpentine, barnacled
a: Renounce Religion, Curse Item, Shatter the Chains


You were on level 5 of the Vaults.
You worshipped Ashenzari.
Ashenzari was extremely pleased with you.
You visited 8 branches of the dungeon, and saw 39 of its levels.
You also visited: Trove and Gauntlet.

You collected 4919 gold pieces.
You spent 2065 gold pieces at shops.

Inventory:

Hand Weapons
 o - the +5 spear of Arrival {vorpal, Int+3}
   (You found it on level 2 of the Elven Halls)

   It inflicts extra damage upon your enemies.
   Int:       It affects your intelligence (+3).
 D - a +2 vampiric demon trident
 G - the cursed +7 spear of Ashenzari's Cynicism (weapon) {venom, Will+ Int+2 Dex+2 Stlth-, Fort, Cun}
   (You bought it in a shop on level 4 of the Dungeon)

   It poisons the flesh of those it strikes.
   Int:       It affects your intelligence (+2).
   Dex:       It affects your dexterity (+2).
   Will:      It increases your willpower.
   Stlth:     It makes you less stealthy.
   It has a curse which improves the following skills: Fortitude: Armour and
   Shields.
   Cunning:   Dodging and Stealth.
 O - a +1 vorpal demon trident
Missiles
 w - 9 throwing nets (quivered)
Armour
 c - a +2 kite shield of cold resistance
 m - a +2 cloak (worn)
 s - the cursed +2 pair of gloves of the Unveiling Secrets (worn) {Dex+3, Self, Bglg}
   (You found it on level 1 of the Elven Halls)

   It has a curse which improves the following skills: Introspection: Fighting
   and Spellcasting.
   Beguiling: Conjurations, Hexes and Translocations.
 v - the cursed +1 pair of boots "Share My Irritation" (worn) {Self, Bglg}
   (You found it on level 4 of the Dungeon)

   It has a curse which improves the following skills: Introspection: Fighting
   and Spellcasting.
   Beguiling: Conjurations, Hexes and Translocations.
 K - the cursed +2 helmet of the Restrained Sun (worn) {Cun, Bglg}
   (You found it on level 4 of the Snake Pit)

   It has a curse which improves the following skills: Cunning: Dodging and
   Stealth.
   Beguiling: Conjurations, Hexes and Translocations.
 R - the cursed +0 swamp dragon scales "Eternal Ethics" (worn) {rPois, Alch, Comp}
   (You took it off Maggie on level 2 of the Lair of Beasts)

   rPois:     It protects you from poison.
   It has a curse which improves the following skills: Alchemy: Poison Magic and
   Transmutations.
   Companions: Summonings and Necromancy.
 S - the +13 plate armour of the Salamander {+Inv rPois rCorr}
   (You bought it in a shop on level 2 of the Orcish Mines)

   rPois:     It protects you from poison.
   +Inv:      It lets you turn invisible.
   rCorr:     It protects you from acid and corrosion.
Jewellery
 d - the cursed ring "Shattered Scepticism" (left hand) {Will+ Int+6, Comp, Fort}
   (You acquired it on level 15 of the Dungeon)

   [ring of intelligence]

   Int:       It affects your intelligence (+6).
   Will:      It increases your willpower.
   It has a curse which improves the following skills: Companions: Summonings
   and Necromancy.
   Fortitude: Armour and Shields.
 e - the ring of the Evening {rC+ Will- Dex+4 SInv Stlth+}
   (You found it in a treasure trove)

   [ring of protection from cold]

   Dex:       It affects your dexterity (+4).
   rC:        It protects you from cold.
   SInv:      It lets you see invisible.
   Will:      It decreases your willpower.
   Stlth:     It makes you more stealthy.
 f - the ring of Conformity {rN+ rCorr}
   (You found it in a treasure trove)

   [ring of resist corrosion]

   rN:        It protects you from negative energy.
   rCorr:     It protects you from acid and corrosion.
 g - a +4 ring of protection
 h - the cursed ring of the Fated Dismay (right hand) {rElec rF+++ Will- Str+6 Int+4, Elem, Alch}
   (You found it on level 15 of the Dungeon)

   [ring of strength]

   Str:       It affects your strength (+6).
   Int:       It affects your intelligence (+4).
   rF:        It renders you almost immune to fire.
   rElec:     It insulates you from electricity.
   Will:      It decreases your willpower.
   It has a curse which improves the following skills: Elements: Fire Magic, Ice
   Magic, Air Magic and Earth Magic.
   Alchemy:   Poison Magic and Transmutations.
 k - an amulet of magic regeneration
 x - the ring "Vafepnu" {rElec rC+ rCorr SInv}
   (You found it in a treasure trove)

   [ring of resist corrosion]

   rC:        It protects you from cold.
   rElec:     It insulates you from electricity.
   SInv:      It lets you see invisible.
   rCorr:     It protects you from acid and corrosion.
 y - the ring "Tuity" {MP+9 Dex+6}
   (You found it in a treasure trove)

   [ring of dexterity]

   Dex:       It affects your dexterity (+6).
   MP:        It affects your magic capacity (+9).
 A - the cursed amulet of Ashenzari's Suspicion (around neck) {Acrobat, Range, Fort}
   (You found it on level 8 of the Dungeon)

   [amulet of the acrobat]

   It increases your evasion while moving and waiting.
   It has a curse which improves the following skills: Ranged Combat: Slings,
   Bows, Crossbows and Throwing.
   Fortitude: Armour and Shields.
 C - an amulet of regeneration
 H - the ring of Lairycsoraf {Will+ rCorr MP+9}
   (You found it in a Gauntlet)

   [ring of magical power]

   MP:        It affects your magic capacity (+9).
   rCorr:     It protects you from acid and corrosion.
   Will:      It increases your willpower.
 P - the amulet "Coibrano" {rF+ Regen+ Int+2 Stlth+}
   (You found it in a treasure trove)

   [amulet of regeneration]

   Int:       It affects your intelligence (+2).
   rF:        It protects you from fire.
   Regen:     It increases your rate of health regeneration.
   Stlth:     It makes you more stealthy.
 X - the ring of the Ban {Drain rF+ rN+ Int+6 Dex+2}
   (You found it in a treasure trove)

   [ring of intelligence]

   Int:       It affects your intelligence (+6).
   Dex:       It affects your dexterity (+2).
   rF:        It protects you from fire.
   rN:        It protects you from negative energy.
   Drain:     It drains your maximum health when unequipped.
 Z - the ring "Inwoepay" {rN+ Int+3}
   (You found it on level 15 of the Dungeon)

   [ring of positive energy]

   Int:       It affects your intelligence (+3).
   rN:        It protects you from negative energy.
Wands
 i - a wand of acid (20)
 r - a wand of digging (22)
Scrolls
 l - 14 scrolls of teleportation
 u - a scroll of enchant weapon
 I - 3 scrolls of fog
 J - 2 scrolls of holy word
 L - a scroll of blinking
 M - a scroll of summoning
 N - 2 scrolls of fear
 U - a scroll of amnesia
 V - 2 scrolls of enchant armour
 W - 2 scrolls of magic mapping
Potions
 a - 4 potions of haste
 b - 5 potions of invisibility
 j - 3 potions of magic
 n - 3 potions of flight
 p - 8 potions of brilliance
 q - 6 potions of cancellation
 t - a potion of berserk rage
 z - 2 potions of resistance
 B - 9 potions of might
 Q - 8 potions of curing
 T - 4 potions of heal wounds
Miscellaneous
 F - a condenser vane


   Skills:
 - Level 16.7(20.0) Fighting
 - Level 19.4(20.0) Polearms
 - Level 4.4(8.9) Staves
 - Level 9.8(12.1) Throwing
 - Level 9.5(14.0) Armour
 - Level 20.9(24.0) Dodging
 - Level 6.5(10.0) Stealth
 + Level 13.7(17.1) Spellcasting
 - Level 11.5(16.0) Conjurations
 - Level 8.5(12.0) Necromancy
 - Level 8.5(13.0) Translocations
 - Level 17.8(20.0) Ice Magic
 - Level 4.0(6.1) Air Magic


You had 21 spell levels left.
You knew the following spells:

 Your Spells              Type           Power      Damage    Failure   Level
a - Freeze                Ice            100%       1d11      1%          1
b - Ozocubu's Armour      Ice            100%       N/A       1%          3
c - Frozen Ramparts       Ice            100%       1d12      1%          3
d - Hailstorm             Conj/Ice       100%       3d20      1%          4
e - Iskenderun's Mystic   Conj/Tloc      96%        2d19      1%          4
f - Simulacrum            Ice/Necr       50%        N/A       1%          6
g - Dispel Undead         Necr           89%        3d28      1%          4
h - Freezing Cloud        Conj/Ice/Air   47%        6-21      1%          5
i - Excruciating Wounds   Necr           44%        N/A       1%          5

Your spell library contained the following spells:

 Spells                   Type           Power      Damage    Failure   Level
 Animate Skeleton         Necr           100%       N/A       1%          1
 Apportation              Tloc           100%       N/A       1%          1
 Magic Dart               Conj           100%       1d8       1%          1
 Pain                     Necr           100%       1d9       1%          1
 Ensorcelled Hibernation  Hex/Ice        100%       N/A       1%          2
 Sublimation of Blood     Necr           89%        N/A       1%          2
 Conjure Flame            Conj/Fire      76%        6-21      1%          3
 Dazzling Flash           Conj/Hex       100%       N/A       1%          3
 Mephitic Cloud           Conj/Pois/Air  73%        N/A       1%          3
 Portal Projectile        Hex/Tloc       100%       N/A       1%          3
 Vampiric Draining        Necr           89%        2d12      1%          3
 Animate Dead             Necr           44%        N/A       1%          4
 Flame Wave               Conj/Fire      76%        2d14      1%          4
 Sticky Flame             Conj/Fire      76%        2d9       1%          4
 Summon Ice Beast         Ice/Summ       83%        N/A       1%          4
 Agony                    Necr           89%        N/A       1%          5
 Iskenderun's Battlesphe  Conj           100%       2d15      1%          5
 Lightning Bolt           Conj/Air       43%        1d62      1%          5
 Poisonous Vapours        Pois/Air       100%       N/A       2%          2
 Metabolic Englaciation   Hex/Ice        41%        N/A       2%          5
 Slow                     Hex            100%       N/A       3%          1
 Anguish                  Hex/Necr       34%        N/A       3%          4
 Sting                    Tmut/Pois      100%       1d8       4%          1
 Summon Small Mammal      Summ           100%       N/A       4%          1
 Airstrike                Air            34%        N/A       4%          4
 Fireball                 Conj/Fire      38%        3d16      4%          5
 Call Imp                 Summ           35%        N/A       5%          2
 Orb of Destruction       Conj           50%        9d13      5%          7
 Scorch                   Fire           68%        2d8       6%          2
 Conjure Ball Lightning   Conj/Air       43%        3x3d15    7%          6
 Summon Guardian Golem    Hex/Summ       36%        N/A       10%         3
 Call Canine Familiar     Summ           35%        N/A       11%         3
 Ignite Poison            Fire/Tmut/Pois 35%        N/A       11%         3
 Spider Form              Tmut/Pois      35%        N/A       11%         3
 Summon Lightning Spire   Summ/Air       55%        N/A       11%         4
 Starburst                Conj/Fire      38%        6d11      21%         6
 Leda's Liquefaction      Hex/Erth       17%        N/A       30%         4
 Olgreb's Toxic Radiance  Pois           35%        N/A       30%         4
 Summon Mana Viper        Hex/Summ       36%        N/A       61%         5
 Yara's Violent Unravell  Hex/Tmut       18%        3d9       61%         5
 Polar Vortex             Ice            55%        N/A       67%         9
 Spellforged Servitor     Conj/Summ      38%        N/A       69%         7
 Summon Cactus Giant      Summ           17%        N/A       99%         6
 Death's Door             Necr           44%        N/A       100%        9


Dungeon Overview and Level Annotations

Branches:
Dungeon (15/15)            Temple (1/1) D:7            Lair (6/6) D:11
 Shoals (4/4) Lair:3        Snake (4/4) Lair:4        Slime (0/5) Lair:5
    Orc (2/2) D:10            Elf (2/3) Orc:2        Vaults (5/5) D:13
  Crypt (0/3) Vaults:2     Depths (0/4) D:15        Gauntlet (visited)

Altars:
Ashenzari
Cheibriados
Dithmenos
Elyvilon
Fedhas
Gozag
Hepliaklqana
Kikubaaqudgha
Makhleb
Nemelex Xobeh
Okawaru
Qazlal
Ru
Sif Muna
Trog
Uskayaw
Vehumet
Wu Jian
Xom
Yredelemnul
Zin
The Shining One
Jiyva
Lugonu

Shops:
D:4 (   D:9 *   D:11 =   D:13 *   Orc:2 (*[:*(:   Elf:1 (   Shoals:4 =
Snake:4 :   Vaults:1 [   Vaults:2 ?

Portals:
Abyss: Lair:4

Annotations:
Shoals:1 1 runed translucent door, Aral's ghost, adept MiBe
Snake:2 Roxanne


Innate Abilities, Weirdness & Mutations

((You are very nimble when in or above water. (Stealth+, EV+, Speed+++)))
Your lower body shifts to a powerful aquatic tail in water.
You are strong-willed. (Will+)
Your natural rate of healing is unusually fast.
You occasionally shout uncontrollably at your foes.
Your spells are a little harder to cast, but a little more powerful.


Message History

The vault warden looks as sick as possible!
The vault warden is almost dead.
The ironbound convoker hits you but does no damage.
The vault warden completely misses you.
Unknown command.
You puncture the vault warden!
You kill the vault warden!
Unknown command.
You barely miss the ironbound convoker.
The ironbound convoker is severely wounded.
The tentacled monstrosity misses you. x2
The tentacled monstrosity tentacle-slaps you!
* * * LOW HITPOINT WARNING * * *
The tentacled monstrosity constricts you.
Unknown command.
You impale the ironbound convoker!!
You kill the ironbound convoker!
Unknown command.
You puncture the tentacled monstrosity!
The tentacled monstrosity is lightly wounded.
Unknown command.
You puncture the tentacled monstrosity!
The tentacled monstrosity is lightly wounded.
The tentacled monstrosity misses you.
The tentacled monstrosity barely misses you. x2
The tentacled monstrosity constricts you.
Unknown command.
You impale the tentacled monstrosity!!
The tentacled monstrosity is moderately wounded.
Unknown command.
You hit the tentacled monstrosity.
The tentacled monstrosity is poisoned.
The tentacled monstrosity is moderately wounded.
Unknown command.
You impale the tentacled monstrosity!!
The tentacled monstrosity is severely wounded.
The tentacled monstrosity completely misses you.
The tentacled monstrosity tentacle-slaps you but does no damage.
The tentacled monstrosity barely misses you.
The tentacled monstrosity constricts you!
You die...

,, , ,, ..#..##
*,*,**,, **#..#..##
,*,, , ...#)[## **,**
, , ##..#(.## *, ,
##...#[.## ,**∆**
##.)..#..## ,* *
,#.#..#.)#..##
......^.......)X#..##
...............)@..##
###############).).##
...........).......##
..............[....##
####################
###################
##########


You could see a tentacled monstrosity (strong, very poisoned).

Vanquished Creatures
  Boris (Vaults:3)
  Xtahua (Vaults:1)
  A caustic shrike (shapeshifter) (Vaults:3)
  Saint Roka (Vaults:1)
  Nikola (Elf:2)
  A tentacled monstrosity (Vaults:5)
  Asterion (Elf:2)
  2 quicksilver dragons (Vaults:5)
  2 titans (Vaults:5)
  A kraken (Shoals:2)
  A shadow dragon (Vaults:1)
  Gastronok (Lair:2)
  4 sphinxes
  4 tengu reavers
  Ilsuiw (Shoals:2)
  Kirke (D:11)
  2 storm dragons
  Donald (Vaults:4)
  6 nagarajas
  The ghost of Witt the Fighter, an adept GrFi of Ashenzari (Shoals:2)
  The ghost of Eitelfritz the Fencer, a journeyman MiGl of Okawaru (Orc:2)
  A fire giant (Vaults:3)
  A deep elf sorcerer (Vaults:1)
  18 vault wardens
  Louise (Shoals:1)
  An orc warlord (D:10)
  Aizul (Snake:1)
  15 ironbound preservers
  9 ironbound thunderhulks
  4 war gargoyles
  12 stone giants
  A vampire knight (Vaults:2)
  6 very ugly things
  3 deep elf demonologists
  3 entropy weavers
  A minotaur (Gauntlet)
  An entropy weaver (shapeshifter) (Vaults:5)
  A deep elf annihilator (Elf:2)
  7 dire elephants
  8 merfolk impalers
  3 ettins
  A deep elf death mage (Elf:1)
  3 fire dragons
  Josephine (Shoals:1)
  The ghost of Teneria the Cleaver, a journeyman MiBe of Trog (D:13)
  8 merfolk javelineers
  7 yaktaur captains
  7 great orbs of eyes
  18 naga warriors
  A peacekeeper (Vaults:4)
  48 vault guards
  2 ice dragons
  A boulder beetle (D:15)
  8 hydras
  11 ironbound frosthearts
  6 ogre magi
  11 two-headed ogres
  19 centaur warriors
  3 merfolk avatars
  2 salamander tyrants (Snake:4)
  6 merfolk aquamancers (Shoals:4)
  2 death knights
  14 anacondas
  Erica (D:8)
  33 dancing weapons
  3 satyrs
  An orc high priest (Orc:1)
  A vampire mage (Vaults:2)
  Urug (D:13)
  5 tengu warriors
  2 death yaks (Lair:4)
  11 deep elf knights (Elf:2)
  7 shock serpents
  An iron troll (shapeshifter) (Vaults:5)
  14 naga sharpshooters
  10 skeletal warriors
  4 salamander mystics
  11 sea snakes
  An orb spider (shapeshifter) (Vaults:1)
  38 deep trolls
  6 naga ritualists
  17 wizards
  8 deep elf archers
  A glowing orange brain (Vaults:4)
  17 ironbound convokers
  4 phantasmal warriors
  4 orc knights
  22 deep elf pyromancers
  14 deep elf zephyrmancers
  24 lindwurms
  16 harpies
  7 necromancers
  A harpy (shapeshifter) (Elf:2)
  10 mana vipers
  A wolf spider (D:15)
  15 cyclopes
  7 orc sorcerers
  2 oklob plants
  6 fauns
  49 ugly things
  11 elephants
  18 manticores
  12 water nymphs
  37 black mambas
  12 merfolk sirens
  10 salamanders
  A water nymph (shapeshifter) (Vaults:2)
  11 guardian serpents
  15 vault sentinels
  2 gargoyles
  14 cane toads
  14 naga magi
  8 torpor snails
  Maggie (Lair:2)
  2 rime drakes
  An unseen horror (D:12)
  A minotaur zombie (Gauntlet)
  A kobold demonologist (D:15)
  2 tengu conjurers
  2 efreet
  2 human zombies (Vaults:2)
  22 yaktaurs
  2 freezing wraiths
  8 komodo dragons
  10 trolls
  5 harpy zombies (Shoals:4)
  30 merfolk
  A yaktaur skeleton (Vaults:2)
  A tarantella (shapeshifter) (D:15)
  12 hornets
  A meliai (shapeshifter) (D:15)
  16 blink frogs
  3 wind drakes
  6 dream sheep
  3 tyrant leeches (Lair:6)
  Grinder (D:3)
  2 meliai zombies
  35 slime creatures
  8 snapping turtles
  Sigmund (D:3)
  2 centaur simulacra (Gauntlet)
  6 shadows
  6 water elementals
  5 wyverns
  6 wraiths
  55 yaks
  An air elemental (Elf:1)
  Grum (D:9)
  A fire elemental (Elf:2)
  5 hogs (D:12)
  3 steam dragons
  9 basilisks
  16 vampire mosquitoes
  4 wargs
  4 large abominations (Elf:1)
  45 nagas
  8 water moccasins
  2 floating eyes (D:15)
  36 orc warriors
  A hornet zombie (D:8)
  3 sky beasts
  A black bear (D:7)
  3 boggarts (Vaults:3)
  11 wolves
  9 ogres
  17 centaurs
  A human skeleton (Vaults:2)
  3 elf zombies (Elf:1)
  2 gnoll sergeants
  15 bullfrogs
  3 scorpions
  4 earth elementals (Elf:2)
  2 water moccasin skeletons
  A human simulacrum (Vaults:2)
  6 killer bees
  5 howler monkeys
  3 electric eels
  4 wights
  2 centaur zombies
  4 hounds
  16 orc priests
  A wyvern simulacrum (Gauntlet)
  A centaur skeleton (D:6)
  2 gnoll shamans
  A jelly (D:5)
  2 iguanas
  22 orc wizards
  A mummy (D:13)
  2 howler monkey zombies
  A howler monkey skeleton (D:4)
  22 gnolls
  10 adders
  3 worms (D:3)
  4 dart slugs
  86 orcs
  6 endoplasms
  2 giant cockroaches (D:6)
  9 hobgoblins
  5 quokkas
  8 ball pythons
  7 bats
  A frilled lizard (D:1)
  7 goblins
  7 kobolds
  3 rats
  A spectral orc (D:5)
  A lurking horror (Lair:4)
1577 creatures vanquished.

Vanquished Creatures (collateral kills)
  A golden dragon (Vaults:5)
  2 titans (Vaults:5)
  A fire giant (Vaults:5)
  A vault guard (Vaults:5)
  A hell knight (Vaults:5)
  A water nymph (Shoals:3)
  A snapping turtle (Shoals:3)
  A white imp (D:6)
9 creatures vanquished.

Vanquished Creatures (others)
  2 deep elf pyromancers (Elf:2)
  A slime creature (Vaults:1)
  2 orcs (Orc:2)
  29 fungi
  67 plants
  8 tentacles (Shoals:2)
  14 withered plants (Gauntlet)
123 creatures vanquished.

Grand Total: 1709 creatures vanquished

Notes
Turn   | Place    | Note
-------+----------+-------------------------------------------
     0 | D:1      | Placeboclown the Merfolk Ice Elementalist began the quest
                  | for the Orb.
     0 | D:1      | Reached XP level 1. HP: 13/13 MP: 3/3
   159 | D:1      | Reached XP level 2. HP: 18/19 MP: 1/5
   269 | D:1      | Reached skill level 3 in Dodging
   932 | D:2      | Reached XP level 3. HP: 24/24 MP: 6/6
   936 | D:2      | Learned a level 3 spell: Ozocubu's Armour
  1694 | D:2      | Reached skill level 1 in Fighting
  1694 | D:2      | Reached skill level 1 in Polearms
  1694 | D:2      | Reached XP level 4. HP: 29/32 MP: 7/7
  1839 | D:3      | Noticed Sigmund
  1862 | D:3      | Noticed Grinder
  1863 | D:3      | Paralysed by Grinder for 2 turns
  2131 | D:3      | Found a white marble altar of Elyvilon.
  2135 | D:3      | Found a glowing silver altar of Zin.
  2292 | D:3      | Reached XP level 5. HP: 17/37 MP: 6/9
  2528 | D:3      | Found a burning altar of Makhleb.
  2731 | D:3      | Paralysed by Grinder for 2 turns
  2740 | D:3      | Paralysed by Grinder for 2 turns
  2745 | D:3      | Killed Grinder
  2746 | D:3      | Reached skill level 4 in Dodging
  2746 | D:3      | Reached skill level 5 in Ice Magic
  2746 | D:3      | Reached XP level 6. HP: 39/47 MP: 2/10
  2964 | D:3      | Learned a level 3 spell: Frozen Ramparts
  2969 | D:3      | Learned a level 4 spell: Hailstorm
  3181 | D:3      | Killed Sigmund
  3182 | D:3      | Reached skill level 5 in Dodging
  3182 | D:3      | Reached XP level 7. HP: 54/54 MP: 11/11
  3767 | D:4      | Found Heroesuj's Weapon Boutique.
  4019 | D:3      | Reached skill level 5 in Polearms
  4377 | D:5      | Entered Level 5 of the Dungeon
  4388 | D:5      | Reached skill level 6 in Dodging
  4446 | D:5      | Reached skill level 5 in Fighting
  4446 | D:5      | Reached XP level 8. HP: 59/62 MP: 9/12
  4585 | D:5      | Found an opulent altar of Gozag.
  4720 | D:5      | Reached skill level 7 in Dodging
  4866 | D:5      | Found a basalt altar of Yredelemnul.
  5105 | D:5      | Noticed a shadow
  5124 | D:5      | Killed a shadow
  5834 | D:6      | Reached skill level 8 in Dodging
  6048 | D:6      | Reached XP level 9. HP: 71/71 MP: 13/13
  6422 | D:7      | Found a staircase to the Ecumenical Temple.
  6452 | D:7      | Found a sacrificial altar of Ru.
  6509 | Temple   | Entered the Ecumenical Temple
  6608 | Temple   | Became a worshipper of Ashenzari the Shackled
  7046 | D:7      | Reached skill level 9 in Dodging
  7308 | D:7      | Reached skill level 10 in Polearms
  7524 | D:7      | Reached skill level 10 in Dodging
  7951 | D:8      | Noticed Erica
  8007 | D:8      | Killed Erica
  8008 | D:8      | Reached XP level 10. HP: 77/82 MP: 10/14
  8484 | D:8      | Noticed a cyclops
  8604 | D:8      | Reached skill level 1 in Conjurations
  8604 | D:8      | Killed a cyclops
  8605 | D:8      | Reached skill level 11 in Dodging
  9245 | D:8      | Identified the cursed +1 pair of boots "Share My
                  | Irritation" {Self, Bglg} (You found it on level 4 of the
                  | Dungeon)
  9332 | D:8      | Paralysed by a hornet for 3 turns
  9535 | D:9      | Noticed a two-headed ogre
  9688 | D:8      | Killed a two-headed ogre
 10146 | D:9      | Found a hide-covered altar of Uskayaw.
 10286 | D:9      | Noticed Grum
 10309 | D:9      | Killed Grum
 10310 | D:9      | Reached XP level 11. HP: 78/90 MP: 9/17
 10472 | D:9      | Reached skill level 1 in Staves
 10635 | D:9      | Found Ishrampi's Assorted Antiques.
 10712 | D:9      | Found a blossoming altar of Fedhas.
 10713 | D:9      | Reached * piety under Ashenzari
 10888 | D:9      | Bought a scroll of blinking for 187 gold pieces
 10918 | D:10     | Entered Level 10 of the Dungeon
 11350 | D:10     | Noticed a two-headed ogre
 11363 | D:10     | Killed a two-headed ogre
 11477 | D:10     | Found a staircase to the Orcish Mines.
 11932 | D:10     | Noticed a tengu warrior
 11943 | D:10     | Killed a tengu warrior
 11944 | D:10     | Reached skill level 10 in Fighting
 12135 | D:10     | Noticed a red ugly thing
 12136 | D:10     | Noticed a cyan ugly thing
 12137 | D:10     | Noticed a red ugly thing
 12137 | D:10     | Noticed a purple ugly thing
 12137 | D:10     | Noticed a deep elf zephyrmancer
 12202 | D:9      | Killed a red ugly thing
 12294 | D:9      | Killed a cyan ugly thing
 12518 | D:10     | Noticed a two-headed ogre
 12534 | D:10     | Killed a two-headed ogre
 12774 | D:10     | Reached ** piety under Ashenzari
 12805 | D:10     | Noticed a two-headed ogre
 12813 | D:10     | Killed a two-headed ogre
 12828 | D:10     | HP: 4/93 [gargoyle/stone arrow (24)]
 12838 | D:10     | Reached skill level 12 in Dodging
 12853 | D:10     | Noticed a deep elf pyromancer
 13194 | D:10     | Reached XP level 12. HP: 89/100 MP: 20/20
 13379 | D:10     | Noticed a storm dragon
 13874 | D:10     | Reached skill level 13 in Dodging
 13874 | D:10     | Reached skill level 10 in Ice Magic
 14030 | Orc:1    | Entered Level 1 of the Orcish Mines
 14925 | Orc:2    | Entered Level 2 of the Orcish Mines
 14925 | Orc:2    | Noticed an orc high priest
 14925 | Orc:2    | Found Nawoip's Antique Armour Shoppe.
 14925 | Orc:2    | Found Xocli's Book Shop.
 14967 | Orc:1    | Paralysed by an orc sorcerer for 4 turns
 15458 | D:4      | Bought the +7 spear "Bidaf" {venom, Will+ Int+2 Dex+2
                  | Stlth-} for 814 gold pieces
 15770 | Orc:2    | Noticed an orc warlord
 16171 | D:10     | HP: 5/101 [storm dragon/bolt of lightning (15)]
 16174 | D:10     | Killed a storm dragon
 16957 | D:10     | Noticed an ice dragon
 16957 | D:10     | Noticed a centaur warrior
 16970 | D:10     | Reached skill level 5 in Spellcasting
 17104 | D:10     | Reached skill level 14 in Dodging
 17127 | D:10     | Killed an ice dragon
 17128 | D:10     | Reached skill level 5 in Conjurations
 17145 | D:10     | Killed a centaur warrior
 17146 | D:10     | Reached XP level 13. HP: 51/108 MP: 15/23
 17850 | D:10     | Noticed a fire dragon
 17864 | D:10     | Killed a fire dragon
 18063 | D:11     | Found Ufrenlikk's Jewellery Shop.
 18431 | D:11     | Found a staircase to the Lair.
 19145 | Lair:1   | Entered Level 1 of the Lair of Beasts
 20451 | Lair:2   | Reached *** piety under Ashenzari
 20528 | Lair:2   | Noticed Gastronok
 20570 | Lair:2   | Killed Gastronok
 20770 | Lair:2   | Found an iron altar of Okawaru.
 21077 | Lair:2   | Noticed Maggie
 21087 | Lair:2   | Killed Maggie
 21153 | Lair:2   | Reached **** piety under Ashenzari
 21676 | Lair:3   | Reached skill level 15 in Dodging
 21676 | Lair:3   | Reached XP level 14. HP: 105/121 MP: 21/28
 22144 | Lair:3   | Found a staircase to the Shoals.
 22165 | Lair:3   | Reached skill level 16 in Dodging
 22442 | Lair:4   | Found a one-way gate to the infinite horrors of the Abyss.
 22444 | Lair:4   | Found a corrupted altar of Lugonu.
 23292 | D:10     | Killed an orc warlord
 23764 | Orc:2    | Reached skill level 5 in Stealth
 24085 | Orc:2    | Gained mutation: Your body sometimes deteriorates upon
                  | taking damage. [a neqoxec]
 24539 | Orc:2    | Found Rall's Antique Weapon Emporium.
 25085 | Orc:2    | Found Woacuf's General Store.
 25093 | Orc:2    | Bought a potion of heal wounds for 70 gold pieces
 25153 | Orc:2    | Reached ***** piety under Ashenzari
 25156 | Orc:2    | Found Vavy's Book Boutique.
 25204 | Orc:2    | Found a staircase to the Elven Halls.
 25239 | Orc:2    | Found Qeininom's Antique Weapon Boutique.
 25279 | Orc:2    | Found Dugayth's Overcharged Wands.
 25362 | Orc:2    | Found a runed translucent door.
 25363 | Orc:2    | Found a shimmering altar of Xom.
 25363 | Orc:2    | Noticed Eitelfritz's ghost (journeyman MiGl)
 25805 | D:10     | Learned a level 4 spell: Iskenderun's Mystic Blast
 26226 | Lair:4   | Found a staircase to the Snake Pit.
 26575 | Lair:4   | Reached skill level 1 in Translocations
 26737 | Lair:4   | Reached skill level 1 in Armour
 27162 | Lair:5   | Found a viscous altar of Jiyva.
 27324 | Lair:5   | Found a staircase to the Slime Pits.
 27919 | Lair:6   | Entered Level 6 of the Lair of Beasts
 28348 | Lair:6   | Reached XP level 15. HP: 114/134 MP: 24/31
 29041 | Lair:6   | Found a runed translucent door.
 29118 | Lair:6   | Paralysed by a hornet for 2 turns
 29126 | Lair:6   | Paralysed by a hornet for 1 turns
 30019 | D:12     | Noticed Kirke
 30702 | D:12     | Noticed a sphinx
 30715 | D:11     | Killed Kirke
 31504 | D:12     | Reached skill level 17 in Dodging
 31860 | D:13     | Found a gate to the Vaults.
 32129 | D:13     | Identified the Almanac of Unholy Rites
 32191 | D:13     | Found Wygaest's Assorted Antiques.
 32191 | D:13     | Noticed a tengu reaver
 32194 | D:13     | Noticed a tengu reaver
 32340 | D:13     | Noticed Urug
 32371 | D:13     | Killed Urug
 32638 | D:13     | Found a snail-covered altar of Cheibriados.
 32782 | D:13     | Found a runed translucent gate.
 32868 | D:13     | Found an opulent altar of Gozag.
 32869 | D:13     | Found a runed translucent gate.
 32870 | D:13     | Found a runed translucent gate.
 32871 | D:13     | Noticed Teneria's ghost (journeyman MiBe)
 33278 | D:14     | Reached XP level 16. HP: 145/146 MP: 33/33
 33289 | D:14     | Found a gate leading to a gauntlet.
 33292 | D:14     | Identified a scroll of acquirement
 33299 | D:14     | Acquired a book of Callings
 33308 | Gauntlet | Entered a Gauntlet
 33308 | Gauntlet | Found a transporter.
 33308 | Gauntlet | Found a large runed translucent door.
 33308 | Gauntlet | Found a large runed translucent door.
 33308 | Gauntlet | Found a large runed translucent door.
 33308 | Gauntlet | Found a large runed translucent door.
 33308 | Gauntlet | Found a runed translucent door.
 33308 | Gauntlet | Found a runed translucent door.
 33308 | Gauntlet | Found a large runed translucent door.
 33308 | Gauntlet | Found a large runed translucent door.
 33308 | Gauntlet | Found a large runed translucent door.
 33308 | Gauntlet | Found a large runed translucent door.
 33308 | Gauntlet | Found a large runed translucent door.
 33308 | Gauntlet | Found a large runed translucent door.
 33309 | Gauntlet | Found a large runed translucent door.
 33309 | Gauntlet | Found a large runed translucent door.
 33310 | Gauntlet | Found a large runed translucent door.
 33310 | Gauntlet | Found a large runed translucent door.
 33310 | Gauntlet | Found a large runed translucent door.
 33310 | Gauntlet | Found a large runed translucent door.
 33319 | Gauntlet | Found a transporter.
 33334 | Gauntlet | Found a transporter.
 33339 | Gauntlet | Found a transporter.
 33354 | Gauntlet | Found a transporter.
 33373 | Gauntlet | Found a transporter.
 33381 | Gauntlet | Identified the ring of Lairycsoraf {Will+ rCorr MP+9}
 33385 | Gauntlet | Found a transporter.
 33396 | Gauntlet | Identified the +1 mace "Ultimatum" {vorpal, rN+}
 33397 | Gauntlet | Found a transporter.
 33398 | Gauntlet | Identified the ring "Cecvog" {Will+ Int+6 SInv}
 33403 | Gauntlet | Found a transporter.
 33403 | Gauntlet | Found a transporter.
 33414 | Gauntlet | Found the +1 cloak of Starlight {*Dazzle EV+4 Stlth--}
 33418 | Gauntlet | Found a transporter.
 33430 | Gauntlet | Found a transporter.
 33436 | Gauntlet | Found a transporter.
 33436 | Gauntlet | Found a transporter.
 33475 | Gauntlet | Found a transporter.
 33498 | Gauntlet | Found a runed translucent gate.
 33498 | Gauntlet | Found a runed translucent gate.
 33498 | Gauntlet | Found a runed translucent gate.
 33500 | Gauntlet | Found a transporter.
 33502 | Gauntlet | Found a transporter.
 33522 | Gauntlet | Found a transporter.
 33733 | Gauntlet | Reached skill level 18 in Dodging
 34874 | D:15     | Entered Level 15 of the Dungeon
 35208 | D:15     | Found a staircase to the Depths.
 35529 | D:15     | Found a transporter.
 35539 | D:15     | Reached skill level 19 in Dodging
 35561 | D:15     | Found a transporter.
 35756 | D:15     | Noticed a sphinx
 35760 | D:15     | Identified the Disquisition on Unstable Enchantment
 35779 | D:15     | Killed a sphinx
 35956 | D:15     | Found a white marble altar of Elyvilon.
 36036 | D:15     | Identified the ring "Inwoepay" {rN+ Int+3}
 36964 | D:15     | Paralysed by a floating eye for 2 turns
 37530 | D:15     | Reached skill level 5 in Translocations
 37593 | D:15     | Acquired the ring "Kudgh" {Will+ Int+6}
 37625 | D:15     | Identified the ring of Tutyrphojun {rElec rF+++ Will- Str+6
                  | Int+4}
 37906 | D:15     | Found a broken altar of Ashenzari.
 38135 | D:15     | Found a hazy altar of Hepliaklqana.
 38258 | D:15     | Identified the ring of Etapem {Int+2 Dex-4 SInv Stlth+}
 38267 | D:15     | Reached XP level 17. HP: 148/155 MP: 34/34
 38339 | D:15     | Learned a level 6 spell: Simulacrum
 38499 | Elf:1    | Entered Level 1 of the Elven Halls
 38671 | Elf:1    | Reached skill level 1 in Necromancy
 39583 | Elf:1    | Identified the Volume of Necromancy
 39702 | Elf:1    | Found Alakh's Weapon Shop.
 40038 | Elf:1    | Identified the +5 arbalest of Regicide {vorpal, SInv}
 40446 | Orc:2    | Killed Eitelfritz's ghost
 40698 | Orc:2    | Learned a level 4 spell: Dispel Undead
 41168 | Snake:1  | Entered Level 1 of the Snake Pit
 42157 | Snake:1  | Noticed Aizul
 42180 | Snake:1  | Killed Aizul
 43471 | Snake:2  | Found a broken altar of Ashenzari.
 44522 | Snake:2  | Noticed Roxanne
 46932 | Snake:3  | Reached skill level 10 in Spellcasting
 47230 | Snake:3  | Reached XP level 18. HP: 147/155 MP: 34/34
 47320 | Snake:3  | Reached skill level 15 in Ice Magic
 48233 | Snake:4  | Entered Level 4 of the Snake Pit
 49547 | Snake:4  | Found Noocza's Book Shoppe.
 49554 | Snake:4  | Identified the +9 dagger of Gozag's Indignation {pain,
                  | *Slow Fly rPois Int+7}
 50788 | Snake:4  | Reached skill level 5 in Necromancy
 51049 | Snake:4  | Reached skill level 15 in Fighting
 52080 | Snake:4  | Got a serpentine rune of Zot
 52838 | D:13     | Killed Teneria's ghost
 53336 | D:13     | Bought a scroll of enchant weapon for 172 gold pieces
 53597 | Shoals:1 | Entered Level 1 of the Shoals
 53597 | Shoals:1 | Noticed Louise
 53610 | Shoals:1 | Killed Louise
 53611 | Shoals:1 | Reached skill level 20 in Dodging
 53793 | Shoals:1 | Found a shimmering altar of Xom.
 53793 | Shoals:1 | Found a runed translucent door.
 53793 | Shoals:1 | Noticed Aral's ghost (adept MiBe)
 54300 | Shoals:1 | Reached XP level 19. HP: 162/165 MP: 37/37
 54334 | Shoals:1 | Noticed Josephine
 54537 | Shoals:1 | Killed Josephine
 55035 | Shoals:1 | Acquired the +2 helmet of Leapfrog {MP+9}
 55782 | Shoals:2 | Found a runed translucent door.
 55782 | Shoals:2 | Found a shimmering altar of Xom.
 55782 | Shoals:2 | Noticed Witt's ghost (adept GrFi)
 55783 | Shoals:2 | Identified Zuemnim's Tome of the Sneaky Hells
 56003 | Shoals:2 | Noticed Ilsuiw
 56163 | Shoals:2 | Killed Ilsuiw
 57011 | Shoals:3 | Reached skill level 15 in Polearms
 58373 | Shoals:4 | Entered Level 4 of the Shoals
 58396 | Shoals:4 | Found Xeada's Jewellery Emporium.
 58676 | Shoals:4 | Identified the +3 rapier "Syckoi Cubio" {pain, rPois Dex+3}
 59292 | Shoals:4 | Reached skill level 10 in Conjurations
 59642 | Shoals:4 | Got a barnacled rune of Zot
 60645 | Orc:2    | Bought a black opal-encrusted plate armour for 672 gold
                  | pieces
 60645 | Orc:2    | Identified the +13 plate armour of the Salamander {+Inv
                  | rPois rCorr} (You bought it in a shop on level 2 of the
                  | Orcish Mines)
 60930 | Elf:2    | Reached skill level 1 in Throwing
 61121 | Elf:2    | Reached XP level 20. HP: 162/174 MP: 29/39
 61539 | Elf:2    | Reached skill level 5 in Throwing
 61756 | Elf:2    | Identified the +5 spear of Arrival {vorpal, Int+3}
 61756 | Elf:2    | Noticed Nikola
 61775 | Elf:2    | Killed Nikola
 62221 | Elf:2    | Found a runed translucent gate.
 62221 | Elf:2    | Found a runed translucent gate.
 62222 | Elf:2    | Found a runed translucent gate.
 63159 | Elf:2    | Noticed Asterion
 63389 | Elf:2    | Killed Asterion
 63896 | Lair:1   | Lost mutation: Your body sometimes deteriorates upon taking
                  | damage. [potion of mutation]
 63896 | Lair:1   | Gained mutation: Your natural rate of healing is unusually
                  | fast. [potion of mutation]
 63896 | Lair:1   | Gained mutation: You are partially covered in iridescent
                  | scales. (AC +2) [potion of mutation]
 63896 | Lair:1   | Gained mutation: Your magical capacity is low. (-10% MP)
                  | [potion of mutation]
 63896 | Lair:1   | Gained mutation: You have a pair of small horns on your
                  | head. [potion of mutation]
 63897 | Lair:1   | Lost mutation: You are partially covered in iridescent
                  | scales. (AC +2) [potion of mutation]
 63897 | Lair:1   | Lost mutation: Your magical capacity is low. (-10% MP)
                  | [potion of mutation]
 63897 | Lair:1   | Gained mutation: You are strong-willed. (Will+) [potion of
                  | mutation]
 63897 | Lair:1   | Lost mutation: You have a pair of small horns on your head.
                  | [potion of mutation]
 63897 | Lair:1   | Gained mutation: You occasionally shout uncontrollably at
                  | your foes. [potion of mutation]
 63897 | Lair:1   | Gained mutation: Your spells are a little harder to cast,
                  | but a little more powerful. [potion of mutation]
 63904 | Lair:1   | Learned a level 5 spell: Freezing Cloud
 64025 | Shoals:2 | Killed Witt's ghost
 64141 | Shoals:2 | Learned a level 5 spell: Excruciating Wounds
 64318 | Vaults:1 | Entered Level 1 of the Vaults
 64569 | Vaults:1 | Reached skill level 1 in Air Magic
 65067 | Vaults:1 | Found Anahenk's Armour Shoppe.
 65345 | Vaults:1 | Noticed Saint Roka
 65397 | Vaults:1 | Killed Saint Roka
 65986 | Vaults:1 | Reached XP level 21. HP: 179/179 MP: 11/40
 66688 | Vaults:1 | Identified the +5 long sword "Ogre's Curse" {vorpal, rF-
                  | rC+++ Dex-2 SInv}
 67520 | Vaults:2 | Found Zaaghoapn's Magic Scroll Emporium.
 67524 | Vaults:2 | Bought a scroll of enchant weapon for 150 gold pieces
 67544 | Vaults:2 | Noticed Xtahua
 67888 | Vaults:1 | Killed Xtahua
 68439 | Vaults:2 | Reached skill level 5 in Armour
 70523 | Vaults:2 | Found a staircase to the Crypt.
 71293 | Vaults:3 | Reached XP level 22. HP: 190/190 MP: 25/42
 71339 | Vaults:3 | Noticed Boris
 72478 | Vaults:3 | Killed Boris
 73003 | Vaults:3 | Noticed a caustic shrike
 73003 | Vaults:3 | an iron dragon changed into a caustic shrike
 73008 | Vaults:3 | Killed a caustic shrike
 73563 | Vaults:4 | Found a portal to a secret trove of treasure.
 73582 | Vaults:4 | You paid a toll of 5 scrolls of fear to enter a treasure
                  | trove
 73583 | Trove    | Entered a treasure trove
 73585 | Trove    | Identified the ring of the Evening {rC+ Will- Dex+4 SInv
                  | Stlth+}
 73585 | Trove    | Identified the ring of Conformity {rN+ rCorr}
 73585 | Trove    | Identified the ring "Vafepnu" {rElec rC+ rCorr SInv}
 73587 | Trove    | Identified the ring "Tuity" {MP+9 Dex+6}
 73587 | Trove    | Identified the amulet "Coibrano" {rF+ Regen+ Int+2 Stlth+}
 73587 | Trove    | Identified the ring of the Ban {Drain rF+ rN+ Int+6 Dex+2}
 74248 | Vaults:4 | Noticed Donald
 74265 | Vaults:4 | Killed Donald
 75077 | Vaults:5 | Entered Level 5 of the Vaults
 75168 | Vaults:4 | Reached XP level 23. HP: 143/196 MP: 24/43
 75378 | Vaults:5 | Noticed an ancient lich
 75793 | Vaults:5 | Identified the amulet "Syimet" {Acrobat Fragile rPois Will+
                  | Slay+5 Stlth-}
 76073 | Vaults:5 | Noticed a golden dragon
 76079 | Vaults:5 | Killed a golden dragon
 76274 | Vaults:5 | HP: 5/294 [tentacled monstrosity (14)]
 76280 | Vaults:5 | Constricted to death by a tentacled monstrosity

Illustrated notes

Levels and vault maps discovered:
D:1:      minmay_arrival_nine_rooms, layout_basic, serial_bayou_lagoon_b
D:2:      layout_loops_ring
D:3:      layout_basic, lemuel_tele_altar, jmf_multi_god_temple, uniq_sigmund,
          uniq_grinder
D:4:      layout_cave_pools, serial_shops, nicolae_shop_bloodbath_and_beyond
D:5:      layout_cave_pools, yredelemnul_forgotten_temple_becter,
          nicolae_overflow_crystal_walls, st_stairs_2
D:6:      layout_gridville, portal_sewer_entry_f
D:7:      layout_loops_corners, nicolae_ru_the_path_less_chosen,
          minmay_temple_entry_nine_rooms, kennysheep_minor_cross
D:8:      layout_rooms, hangedman_abyss_or_decor_clamps, minmay_manual_moon,
          uniq_erica
D:9:      layout_rooms, fedhas_altar_fruit_tree, mainiacjoe_overflow_alcove_4,
          serial_shops, shop, uniq_grum
D:10:     layout_roguey, hiddenorc2_lemuel, nicolae_rejected_hall
D:11:     layout_loops_ring, dpeg_oklobed_lair, serial_shops, shop
D:12:     layout_irregular_city, uniq_kirke
D:13:     layout_basic, erik_vaults_2, ebering_ghost_gozag, slow_altar_1,
          uniq_urug
D:14:     layout_roguey, gauntlet_entry_generic, kennysheep_crisscross
D:15:     hangedman_spin_cycle
Temple:   nicolae_temple_great_sept
Lair:1:   layout_roguey, grunt_megastairs_2
Lair:2:   layout_loops_ring, basic_altar, chequers_serial_rivers_micro_e,
          st_stairs_6, columned_hall_lemuel, nicolae_lair_grove_arrangements,
          uniq_gastronok, uniq_maggie
Lair:3:   layout_chaotic_city, minmay_shoals_entry_lonely_mermaid,
          grunt_megastairs_1
Lair:4:   layout_cave_pods, minmay_snake_entry_guardpost_small,
          amcnicky_altar_lugonu_corruption
Lair:5:   cheibrodos_lair_river_kwai, layout_misc_corridors,
          dpeg_slime_entry_enclosed_altar
Lair:6:   wormcave, layout_small_grid, serial_bayou_lagoon_a
Shoals:1: layout_shoals, ebering_ghost_xom, hangedman_shoals_cup_caves,
          uniq_louise, uniq_josephine
Shoals:2: layout_shoals, ebering_ghost_xom, uniq_ilsuiw
Shoals:3: layout_shoals, nicolae_shoals_nymph_descending_staircase
Shoals:4: shoals_end_simple, layout_shoals, minmay_shop_enchanted_jewellery,
          nicolae_shoals_undead_eyrie
Snake:1:  layout_onion_interference, serial_bayou_shore_b, uniq_aizul
Snake:2:  layout_cave_pods, basic_altar, uniq_roxanne
Snake:3:  layout_layer_cave
Snake:4:  grunt_snake_rune_serpentine_throne, layout_rooms, serial_shops,
          nicolae_shop_statue_plus
Orc:1:    layout_caves, mines3_lemuel
Orc:2:    grunt_orc_gardens, layout_caves, grunt_orc_garden, grunt_orc_garden,
          grunt_orc_garden, grunt_orc_garden, ebering_ghost_xom, special_room,
          serial_shops, nicolae_shop_advertising_works
          [nicolae_subvault_shop_adworks], nicolae_lakefront_shop,
          nicolae_shop_overcharged_wands
Elf:1:    elf_arrival_001, layout_loops_corners, serial_shops,
          nicolae_shop_crystal, minmay_elf_necromancy
Elf:2:    elven_hall_of_blades_hangedman_original
          [nicolae_blade_entry_crossed_weapons], layout_geoelf_grid,
          nicolae_elf_m_pinch, hangedman_elven_crosses_minicolossus,
          uniq_asterion, uniq_nikola
Vaults:1: vaults_room_pool, nicolae_vaults_puzzle_piece, v_misc_11,
          vaults_dpeg_diagonal, vaults_room_fancy_cross, nicolae_vaults_big_ls,
          hangedman_vaults_cutoff, vaults_room_hallway, grunt_vaults_diagonal,
          hangedman_vaults_variations, dpeg_vaults_monster_box,
          hangedman_vaults_corner_blocks, dpeg_vaults_waves,
          layout_vaults_maze_bifur, uniq_saint_roka
Vaults:2: nicolae_vaults_little_squares_1, vaults_room_large_hall,
          minmay_crypt_entry_simple_statues, v_misc_28, st_squares,
          nicolae_vaults_diagonal_hallway_8, nicolae_vaults_network_periphery,
          v_rooms_3, hangedman_vaults_impose, v_rooms_1, ontoclasm_vaults_twist,
          nicolae_vaults_network_quinsquares
          [nicolae_vaults_network_quincunx_subvault,
          nicolae_vaults_network_quincunx_subvault,
          nicolae_vaults_network_quincunx_subvault,
          nicolae_vaults_network_quincunx_subvault], ontoclasm_vaults_pinch,
          vaults_room_door_hall, layout_vaults_ring, serial_shops,
          nicolae_shop_hallway_stairs, uniq_xtahua
Vaults:3: vaults_room_fours, st_octagons_1, vaults_room_corners,
          vaults_standard_mumra_lines, v_misc_3, vaults_room_pool,
          layout_vaults_big_room, uniq_boris
Vaults:4: vaults_dpeg_encased_lava, v_rooms_5, nicolae_vaults_border_crossing,
          ontoclasm_vaults_decontamination, ontoclasm_vaults_chip,
          v_alt_pattern_3, ontoclasm_vaults_gateway, layout_vaults_omnigrid,
          nicolae_trove_entry_crystal, uniq_donald
Vaults:5

Skill      XL: |  1  2  3  4  5  6  7  8  9 10 11 12 13 14 15 16 17 18 19 20 21 22 23 |
---------------+----------------------------------------------------------------------+-----
Dodging        | 3 4 5 6 8 10 11 12 14 15 16 17 19 20 | 20.9
Fighting       | 1 3 4 5 6 8 9 10 11 13 14 15 16 | 16.7
Polearms       | 1 3 4 6 8 10 12 13 17 19 | 19.4
Stealth        | 3 5 6 |  6.5
Spellcasting   | 3 4 5 7 8 10 11 12 13 | 13.7
Ice Magic      | 5 7 9 10 12 13 14 15 17 | 17.8
Conjurations   | 2 3 5 7 8 9 10 11 | 11.5
Staves         | 4 |  4.4
Translocations | 3 6 8 |  8.5
Armour         | 1 3 4 5 8 9 |  9.5
Necromancy     | 4 6 7 8 |  8.5
Throwing       | 3 9 |  9.8
Air Magic      | 2 4 |  4.0

Action                   |  1- 3 |  4- 6 |  7- 9 | 10-12 | 13-15 | 16-18 | 19-21 | 22-24 || total
-------------------------+-------+-------+-------+-------+-------+-------+-------+-------++-------
Melee: Trident           |    52 |    86 |   473 |   781 |       |       |       |       ||  1392
       Punch             |     2 |     2 |     6 |    17 |    29 |    34 |    46 |    21 ||   157
       Unarmed           |     2 |       |       |       |       |       |       |       ||     2
       Spear             |       |       |       |    68 |  1566 |  1963 |  1951 |   815 ||  6363
       Tailslap          |       |       |       |       |     5 |     8 |    37 |       ||    50
Throw: Javelin           |       |     3 |       |     1 |     2 |     1 |       |       ||     7
 Cast: Freeze            |    23 |    16 |     2 |       |       |       |       |       ||    41
       Ozocubu's Armour  |       |     1 |     5 |    41 |    68 |   107 |    39 |    10 ||   271
       Frozen Ramparts   |       |       |     7 |    40 |    64 |   103 |    39 |    12 ||   265
       Hailstorm         |       |       |       |     7 |    34 |    89 |   177 |    71 ||   378
       Iskenderun's Myst |       |       |       |       |     6 |    46 |   142 |    82 ||   276
       Dispel Undead     |       |       |       |       |       |     3 |    10 |     4 ||    17
       Simulacrum        |       |       |       |       |       |       |     8 |     2 ||    10
       Freezing Cloud    |       |       |       |       |       |       |    17 |     3 ||    20
Invok: Curse Item        |       |       |       |     4 |     7 |     5 |     4 |       ||    20
       Shatter the Chain |       |       |       |     1 |     1 |     6 |     2 |     1 ||    11
Evoke: Wand              |       |     1 |     5 |     8 |       |     4 |     8 |       ||    26
  Use: Scroll            |       |       |    18 |     6 |     2 |     4 |     4 |     6 ||    40
       Potion            |       |       |       |     4 |       |     1 |     3 |     6 ||    14
 Stab: Sleeping          |     6 |     7 |    17 |     3 |    26 |    20 |    25 |     3 ||   107
       Distracted        |       |     1 |       |     2 |     2 |     4 |     9 |     6 ||    24
       Paralysed         |       |     7 |       |       |       |       |       |       ||     7
Armor: Robe              |    11 |    14 |   112 |    33 |       |       |       |       ||   170
       Steam dragon scal |       |       |       |   131 |   117 |   198 |    78 |       ||   524
       Swamp dragon scal |       |       |       |       |       |       |    97 |   117 ||   214
Dodge: Dodged            |    35 |    38 |   251 |   571 |  1036 |  1370 |  1206 |   574 ||  5081
Block: Other             |    11 |     9 |    83 |    48 |       |       |       |       ||   151
       Reflection        |       |       |     1 |     1 |       |       |       |       ||     2
